 Dungeon Crawl Stone Soup version 0.23.2-40-g277498a001 (webtiles) character file.

Game seed: 8422992062806505923

228 Folks the Conjurer (level 5, -15/38 HPs)
             Began as a Demigod Conjurer on Aug 16, 2019.
             Demolished by a gnoll
             ... wielding a +1 flail of distortion
              (18 damage)
             ... on level 2 of the Dungeon.
             The game lasted 00:05:40 (1782 turns).

Folks the Conjurer (Demigod Conjurer)               Turns: 1782, Time: 00:05:42

Health: -15/38     AC:  3    Str: 11    XL:     5   Next: 42%
Magic:  3/13       EV: 12    Int: 21    God:
Gold:   93         SH:  0    Dex: 16    Spells: 1/11 levels left

rFire    . . .     SeeInvis .   j - +0 dagger
rCold    . . .     Gourm    .   (no shield)
rNeg     . . .     Faith    .   a - +0 robe
rPois    .         Spirit   .   k - +0 helmet (curse)
rElec    .         Reflect  .   (no cloak)
rCorr    .         Harm     .   (no gloves)
MR       .....                  (no boots)
Stlth    ++........             (no amulet)
HPRegen  0.12/turn              (no ring)
MPRegen  0.13/turn              (no ring)

@: flying, very slightly contaminated
A: high mp 1
a: no special abilities


You were on level 2 of the Dungeon.
You were not hungry.

You visited 1 branch of the dungeon, and saw 2 of its levels.

You collected 93 gold pieces.

Inventory:

Hand Weapons
 d - a +0 club
 j - a +0 dagger (weapon)
Armour
 a - a +0 robe (worn)
 h - a cursed -2 leather armour
 k - a cursed +0 helmet (worn)
Scrolls
 e - a scroll of remove curse
Potions
 b - a potion of ambrosia
 i - 2 potions of curing
Comestibles
 c - 2 rations
 l - 3 chunks of flesh


   Skills:
 - Level 1.7 Dodging
 - Level 1.7 Stealth
 + Level 3.6 Spellcasting
 + Level 4.5 Conjurations
 * Level 2.4 Hexes


You had one spell level left.
You knew the following spells:

 Your Spells              Type           Power        Failure   Level  Hunger
a - Magic Dart            Conj           ###.         1%          1    None
b - Searing Ray           Conj           ###...       3%          2    ##.....
c - Dazzling Spray        Conj/Hex       ###...       9%          3    ###....
d - Fulminant Prism       Conj/Hex       ###.......   30%         4    ####...

Your spell library contained the following spells:

 Spells                   Type           Power        Failure   Level  Hunger
 Iskenderun's Mystic Bla  Conj           ###.....     19%         4    ####...
 Force Lance              Conj/Tloc      ##......     43%         4    ####...


Dungeon Overview and Level Annotations

Branches:
Dungeon (2/15)


Innate Abilities, Weirdness & Mutations

You have an increased reservoir of magic. (+10% MP)


Message History

Unknown command.
A bat comes into view.
An adder comes into view.
The adder hisses angrily.
The bat misses you.
Okay, then.
It was a potion of flight.
You feel very buoyant.
You fly up into the air.
The bat closely misses you. The bat barely misses you. The bat hits you.
You completely miss the bat. The bat hits you but does no damage. x2
You hit the bat but do no damage. The bat barely misses you.
The bat hits you but does no damage. The gnoll barely misses you.
You hit the bat.
The bat is moderately wounded.
The bat barely misses you. x2
The gnoll hits you with a +1 flail of distortion!
* * * LOW HITPOINT WARNING * * *
Space warps horribly around you!!
You die...

##########...
#.ggg@bS...#.
#.########...#########
#.# ........ #g#
#.....###
#g############........
#...g.gg..........[...
#.############..)..##
#.# ####.#### ...
#.....


You could see 3 gnolls, an adder and a bat.

Vanquished Creatures
  Sigmund (D:2)
  Terence (D:1)
  An adder (D:2)
  2 giant cockroaches
  5 goblins
  6 hobgoblins
  A ball python (D:1)
  4 bats (D:1)
  4 frilled lizards
  3 kobolds
  6 rats (D:1)
34 creatures vanquished.

Notes
Turn   | Place    | Note
-------+----------+-------------------------------------------
     0 | D:1      | Folks the Demigod Conjurer began the quest for the Orb.
     0 | D:1      | Reached XP level 1. HP: 14/14 MP: 5/5
   282 | D:1      | Reached XP level 2. HP: 4/20 MP: 3/7
   538 | D:1      | Learned a level 2 spell: Searing Ray
  1126 | D:2      | Reached XP level 3. HP: 26/26 MP: 3/9
  1205 | D:2      | Noticed Sigmund
  1336 | D:2      | Learned a level 3 spell: Dazzling Spray
  1342 | D:2      | Reached skill level 4 in Conjurations
  1401 | D:2      | Noticed Terence
  1498 | D:1      | Killed Terence
  1745 | D:2      | Killed Sigmund
  1745 | D:2      | Reached XP level 4. HP: 23/33 MP: 3/12
  1745 | D:2      | Reached XP level 5. HP: 27/38 MP: 3/13
  1751 | D:2      | Learned a level 4 spell: Fulminant Prism
  1782 | D:2      | Demolished by a gnoll

Skill      XL: |  1  2  3 |
---------------+----------+-----
Spellcasting   | 2 3 |  3.6
Conjurations   | 4 |  4.5
Hexes          | 2 |  2.4
Dodging        | |  1.7
Stealth        | |  1.7

Action                   |  1- 3 |  4- 6 || total
-------------------------+-------+-------++-------
Melee: Club              |    25 |       ||    25
       Unarmed           |    13 |       ||    13
       Dagger            |    16 |     3 ||    19
 Cast: Magic Dart        |    38 |       ||    38
       Searing Ray       |     5 |       ||     5
       Dazzling Spray    |     2 |       ||     2
  Use: Scroll            |     1 |     1 ||     2
       Potion            |       |     2 ||     2
 Stab: Sleeping          |     3 |       ||     3
       Distracted        |     1 |       ||     1
  Eat: Chunk             |     3 |       ||     3
Armor: Robe              |    11 |     3 ||    14
Dodge: Dodged            |    47 |    10 ||    57
